 Dungeon Sprint DCSS version 0.29-a0-352-g0917bc69df (webtiles) character file.

Game seed: 46649053507255170

1422 mhtbhm the Impaler (level 8, 0/88 HPs)
             Began as a Minotaur Berserker on Apr 23, 2022.
             Was an Elder of Trog.
             Slain by a catoblepas (27 damage)
             ... in the Dungeon (Sprint IX: "|||||||||||||||||||||||||||||").
             The game lasted 00:01:06 (534 turns).

mhtbhm the Impaler (Minotaur Berserker)              Turns: 534, Time: 00:01:06

Health: 0/88       AC: 15    Str: 27    XL:     8   Next: 44%
Magic:  7/7        EV: 10    Int:  4    God:    Trog [****..]
Gold:   0          SH:  0    Dex: 13    Spells: 7/7 levels left

rFire   . . .      SeeInvis .   a - +2 halberd (protect)
rCold   . . .      Faith    .   (shield currently unavailable)
rNeg    . . .      Spirit   .   b - +0 plate armour
rPois   .          Reflect  .   (helmet restricted)
rElec   .          Harm     .   (no cloak)
rCorr   .          Rampage  .   (no gloves)
Will    .....      NoTele   +   k - +0 pair of boots
Stlth   ..........              (no amulet)
HPRegen 0.24/turn               l - +3 ring of strength
MPRegen 0.10/turn               m - +3 ring of dexterity

@: on berserk cooldown, slowed, very slow
A: horns 2, retaliatory headbutt
a: Renounce Religion, Berserk, Trog's Hand, Brothers in Arms


You were in the Dungeon.
You worshipped Trog.
Trog was greatly pleased with you.
You visited 1 branch

Inventory:

Hand Weapons
 a - a +2 halberd of protection (weapon)
Armour
 b - a +0 plate armour (worn)
 k - a +0 pair of boots (worn)
Jewellery
 l - a +3 ring of strength (left hand)
 m - a +3 ring of dexterity (right hand)
Wands
 j - a wand of iceblast (8)
Scrolls
 h - a scroll of blinking
Potions
 c - 5 potions of curing
 d - a potion of heal wounds
 e - a potion of haste
 f - 4 potions of magic
 g - a potion of berserk rage
 i - a potion of invisibility


   Skills:
 + Level 13.7 Fighting
 + Level 15.2 Polearms
 + Level 8.3 Armour
 + Level 6.3 Dodging
 + Level 0.3 Evocations


You had 7 spell levels left.
You didn't know any spells.
Your spell library was empty.

Dungeon Overview and Level Annotations

Branches:
Dungeon (1/1)

Altars:
Cheibriados
Dithmenos
Elyvilon
Fedhas
Gozag
Hepliaklqana
Kikubaaqudgha
Makhleb
Nemelex Xobeh
Okawaru
Qazlal
Ru
Sif Muna
Trog
Uskayaw
Vehumet
Wu Jian
Xom
Yredelemnul
Zin
The Shining One
Beogh
Jiyva
Lugonu


Innate Abilities, Weirdness & Mutations

You have a pair of horns on your head.
You reflexively headbutt those who attack you in melee.


Message History

The blast of calcifying dust hits you but does no damage.
You turn to flesh and can move again.
Unknown command.
Unknown command.
Unknown command.
Unknown command.
You are engulfed in calcifying dust.
You are slowing down.
The howler monkey hoots and howls with incredible vigour!
The catoblepas gores you!!
The catoblepas attacks as you move away!
The catoblepas gores you but does no damage.
You are engulfed in calcifying dust.
Your limbs have turned to stone.
The catoblepas breathes a plume of calcifying dust at you.
The blast of calcifying dust hits you.
You have turned to stone.
The catoblepas gores you but does no damage.
The white ugly thing is engulfed in calcifying dust.
The white ugly thing is moving more slowly.
The catoblepas gores you but does no damage.
The white ugly thing is engulfed in calcifying dust.
The white ugly thing stops moving altogether!
The white ugly thing is engulfed in calcifying dust.
The catoblepas gores you!
The catoblepas breathes a plume of calcifying dust at you.
The blast of calcifying dust hits you.
You are engulfed in calcifying dust.
The catoblepas gores you but does no damage.
You are engulfed in calcifying dust.
The howler monkey hoots and howls with incredible vigour!
The catoblepas breathes a plume of calcifying dust at you.
The blast of calcifying dust hits you but does no damage.
You are engulfed in calcifying dust.
The catoblepas gores you but does no damage.
You are engulfed in calcifying dust.
The white ugly thing is no longer petrified.
The catoblepas gores you!!
You turn to flesh and can move again.
The catoblepas attacks as you move away!
The catoblepas gores you!!
You die...

▓[▓
▓.▓
▓.▓
▓§▓
▓'▓
▓§▓
▓)▓
▓§▓
▓@▓
▓Y▓
▓u▓
▓c▓
▓H▓
▓J▓
▓h▓
▓.▓
▓h▓


You could see a catoblepas, a white ugly thing, a slime creature, a manticore, a
centaur and a howler monkey.

Vanquished Creatures
  A two-headed ogre (D)
  A wyvern (D)
  A yak (D)
  A centaur (D)
  An ogre (D)
  A gnoll sergeant (D)
  A hound (D)
  2 iguanas (D)
  An adder (D)
  An endoplasm (D)
  A giant cockroach (D)
  2 goblins (D)
  A kobold (D)
15 creatures vanquished.

Vanquished Creatures (collateral kills)
  A troll (D)
1 creature vanquished.

Grand Total: 16 creatures vanquished

Notes
Turn   | Place    | Note
-------+----------+-------------------------------------------
     0 | D        | mhtbhm the Minotaur Berserker began the quest for the Orb.
     0 | D        | Reached XP level 1. HP: 19/19 MP: 0/0
     7 | D        | Reached skill level 4 in Polearms
     8 | D        | Reached ** piety under Trog
    18 | D        | Noticed a hound
    18 | D        | Noticed an ogre
    18 | D        | Noticed an iguana
    18 | D        | Noticed an iguana
    21 | D        | Killed a hound
    22 | D        | Reached skill level 6 in Polearms
    22 | D        | Reached XP level 2. HP: 30/30 MP: 1/1
    22 | D        | Reached XP level 3. HP: 37/37 MP: 2/2
    23 | D        | Killed an ogre
    23 | D        | Reached *** piety under Trog
    24 | D        | Reached skill level 8 in Polearms
    24 | D        | Reached XP level 4. HP: 48/48 MP: 3/3
    26 | D        | Reached XP level 5. HP: 55/55 MP: 4/4
    30 | D        | Reached skill level 9 in Polearms
    39 | D        | Found a snail-covered altar of Cheibriados.
    39 | D        | Found a shadowy altar of Dithmenos.
    39 | D        | Found a white marble altar of Elyvilon.
    39 | D        | Found a blossoming altar of Fedhas.
    39 | D        | Found an opulent altar of Gozag.
    40 | D        | Found a hazy altar of Hepliaklqana.
    41 | D        | Found a viscous altar of Jiyva.
    42 | D        | Found an ancient bone altar of Kikubaaqudgha.
    43 | D        | Found a corrupted altar of Lugonu.
    44 | D        | Found a burning altar of Makhleb.
    45 | D        | Found a sparkling altar of Nemelex Xobeh.
    46 | D        | Found an iron altar of Okawaru.
    47 | D        | Found a stormy altar of Qazlal.
    48 | D        | Found a sacrificial altar of Ru.
    49 | D        | Found a shimmering blue altar of Sif Muna.
    50 | D        | Found a bloodstained altar of Trog.
    51 | D        | Found a hide-covered altar of Uskayaw.
    52 | D        | Found a radiant altar of Vehumet.
    53 | D        | Found an ornate altar of the Wu Jian Council.
    54 | D        | Found a shimmering altar of Xom.
    55 | D        | Found a basalt altar of Yredelemnul.
    56 | D        | Found a glowing silver altar of Zin.
    57 | D        | Found a glowing golden altar of the Shining One.
   141 | D        | Noticed a yak
   141 | D        | Noticed a centaur
   141 | D        | Noticed a wyvern
   141 | D        | Noticed a troll
   141 | D        | Noticed a two-headed ogre
   146 | D        | Reached skill level 10 in Polearms
   146 | D        | Reached skill level 5 in Armour
   147 | D        | Killed a yak
   147 | D        | Reached **** piety under Trog
   148 | D        | Reached skill level 10 in Fighting
   148 | D        | Reached skill level 11 in Polearms
   148 | D        | Reached skill level 5 in Dodging
   148 | D        | Reached XP level 6. HP: 67/67 MP: 5/5
   157 | D        | Killed a wyvern
   158 | D        | Reached skill level 12 in Polearms
   158 | D        | Reached XP level 7. HP: 58/75 MP: 6/6
   162 | D        | Killed a troll
   163 | D        | Reached skill level 13 in Polearms
   178 | D        | Killed a two-headed ogre
   179 | D        | Reached skill level 15 in Polearms
   179 | D        | Reached XP level 8. HP: 13/88 MP: 7/7
   503 | D        | Noticed a catoblepas
   503 | D        | Noticed a white ugly thing
   503 | D        | Noticed a manticore
   503 | D        | Noticed a slime creature
   534 | D        | Slain by a catoblepas

Illustrated notes

Levels and vault maps discovered:
D:        linesprint [early_d, line_temple, items_1, d_10, items_2, lair_1,
          lair_end, items_3, orc_1, orc_end, items_4, d_15, swamp_1, shoals_1,
          snake_1, spider_1, d_20, vaults_1, items_5, swamp_end, shoals_end,
          snake_end, spider_end, vaults_end, d_27, items_6, zot_1, zot_end,
          crypt_end, forest_end, elf_end, slime_end, tomb_end, abyss_end,
          pan_hell_end]

Skill      XL: |  1  2  3  4  5  6  7 |
---------------+----------------------+-----
Fighting       | 6 7 8 10 11 13 | 13.7
Polearms       | 6 8 11 12 15 | 15.2
Armour         | 3 4 5 6 8 |  8.3
Dodging        | 3 4 5 6 |  6.3
Evocations     | |  0.3

Action                   |  1- 3 |  4- 6 |  7- 9 || total
-------------------------+-------+-------+-------++-------
Melee: Spear             |    12 |     5 |       ||    17
       Headbutt          |     2 |     1 |     3 ||     6
       Halberd           |       |    13 |    10 ||    23
Invok: Berserk           |     1 |     1 |     1 ||     3
       Brothers in Arms  |       |       |     1 ||     1
Evoke: Wand              |       |       |     2 ||     2
  Use: Potion            |       |       |     2 ||     2
       Scroll            |       |       |     1 ||     1
Armor: Animal skin       |     1 |       |       ||     1
       Plate armour      |       |     8 |    20 ||    28
Dodge: Dodged            |     3 |     3 |    12 ||    18

Table legend: (Time is in decaauts)
 A = Elapsed time spent in this place.
 B = Non-inter-level travel time spent in this place.
 C = Inter-level travel time spent in this place.
 D = Time resting spent in this place.
 E = Time spent auto-exploring this place.
 F = Levels seen in this place.
 G = Mean time per level.
                   A        B        C        D        E       F      G
               +--------+--------+--------+--------+--------+-----+--------+
         Total |    548 |    548 |      0 |    346 |      3 |   1 |  548.0 |
       Dungeon |    548 |    548 |      0 |    346 |      3 |   1 |  548.0 |
               +--------+--------+--------+--------+--------+-----+--------+

Top non-repeatable levels by time:
       D: 548 daAuts
